 Dungeon Crawl Stone Soup version 0.31-a0-655-gf2d5465dac (webtiles) character file.

Game seed: 4255604645333360522

291294 Gargoyl the Slayer (level 20, 0/143 (144) HPs)
             Began as a Gargoyle Berserker on Aug 30, 2023.
             Was the Champion of Trog.
             Shot with an arrow by a deep elf archer (7 damage)
             ... on level 3 of the Elven Halls.
             The game lasted 01:09:18 (38333 turns).

Gargoyl the Slayer (Gargoyle Berserker)            Turns: 38333, Time: 01:09:19

HP:   0/143 (144)   AC: 41    Str: 33    XL:     20   Next: 77%
MP:   20/20         EV: 23    Int:  9    God:    Trog [******]
Gold: 756           SH:  0    Dex: 17    Spells: 19/19 levels left

rFire   + + +        U - +10 hand axe "Plog" {venom, rF++}
rCold   . . .        (no shield)
rNeg    + . .        J - +5 scale mail of the Catamount {Str+5 Int-3}
rPois   ∞            (helmet restricted)
rElec   +            H - +2 cloak
rCorr   .            f - +4 pair of gloves "Ejic" {-Cast rPois SInv}
SInv    +            O - +0 pair of boots
Will    +....        F - amulet of reflection Stlth
                     c - ring "Tics" {rPois rF++ Str+6 Int+2 Stlth-}
HPRegen 0.43/turn    M - +5 ring of evasion
MPRegen 0.17/turn

%: no spellcasting, reflection
@: confused, on berserk cooldown, flying, slowed, studying Polearms, lightly
drained, very slow
A: sickness immunity, AC +15, big wings, negative energy resistance 1,
electricity resistance, torment resistance 1, petrification resistance, horns 1,
agile 1
}: 2/15 runes: decaying, serpentine
a: Renounce Religion, Berserk, Trog's Hand, Brothers in Arms


You were on level 3 of the Elven Halls.
You worshipped Trog.
Trog was exalted by your worship.
You visited 7 branches of the dungeon, and saw 34 of its levels.
You visited the Abyss 1 time.
You also visited: Ossuary.

You collected 3550 gold pieces.
You spent 2794 gold pieces at shops.

Inventory:

Hand Weapons
 n - a +2 hand axe of holy wrath
 z - a +0 battleaxe of flaming
 A - a +2 war axe of electrocution
 G - a +2 spear of venom
 U - the +10 hand axe "Plog" (weapon) {venom, rF++}
   (You took it off a deep elf pyromancer on level 15 of the Dungeon)

   rF++:      It greatly protects you from fire.
 V - a +4 broad axe of chaos
Missiles
 h - 25 poisoned darts (quivered)
Armour
 f - the +4 pair of gloves "Ejic" (worn) {-Cast rPois SInv}
   (You found it on level 6 of the Dungeon)

   rPois:     It protects you from poison SInv: It lets you see invisible.
   -Cast:     It prevents spellcasting.
 g - a +2 helmet of intelligence
 H - a +2 cloak (worn)
 J - the +5 scale mail of the Catamount (worn) {Str+5 Int-3}
   (You found it on level 2 of the Lair of Beasts)

   Str+5:     It affects your strength (+5).
   Int-3:     It affects your intelligence (-3).
 O - a +0 pair of boots (worn)
Jewellery
 c - the ring "Tics" (left hand) {rPois rF++ Str+6 Int+2 Stlth-}
   (You found it on level 3 of the Lair of Beasts)

   [ring of strength]

   Str+6:     It affects your strength (+6).
   Int+2:     It affects your intelligence (+2).
   rF++:      It greatly protects you from fire.
   rPois:     It protects you from poison Stlth-: It makes you less stealthy.
 i - a +6 ring of intelligence
 k - the ring of Kauwuuta {rN+ Will+}
   (You found it on level 3 of the Swamp)

   [ring of willpower]

   rN+:       It protects you from negative energy.
   Will+:     It increases your willpower.
 s - a +6 ring of strength
 F - an amulet of reflection (around neck)
 M - a +5 ring of evasion (right hand)
Wands
 d - a wand of charming (28)
 m - a wand of acid (11)
 p - a wand of digging (19)
Scrolls
 j - 2 scrolls of vulnerability
 q - 9 scrolls of teleportation
 x - 17 scrolls of identify
 y - 4 scrolls of fog
 B - 2 scrolls of enchant weapon
 C - 3 scrolls of poison
 D - 2 scrolls of fear
 L - 5 scrolls of revelation
 N - a scroll of silence
 R - 5 scrolls of enchant armour
Potions
 a - a potion of attraction
 b - 14 potions of curing
 e - 3 potions of magic
 l - 5 potions of haste
 o - 2 potions of invisibility
 r - 12 potions of might
 t - 4 potions of resistance
 w - 3 potions of berserk rage
 E - 5 potions of mutation
 K - 4 potions of heal wounds
 Q - 5 potions of ambrosia
 Y - 2 potions of brilliance {unknown}
 Z - 2 potions of cancellation {unknown}


   Skills:
 + Level 21.0 Fighting
 + Level 20.9 Axes
 + Level 0.8(13.8) Polearms
 + Level 1.8 Throwing
 + Level 15.9 Armour
 + Level 12.3 Dodging
 + Level 5.7 Stealth
 + Level 9.5 Shields


You had 19 spell levels left.
You didn't know any spells.
Your spell library was empty.

Dungeon Overview and Level Annotations

Branches:
Dungeon (15/15)            Temple (0/1) D:6            Lair (5/5) D:10
  Swamp (4/4) Lair:2        Snake (4/4) Lair:2        Slime (0/5) Lair:5
    Orc (2/2) D:11            Elf (3/3) Orc:2        Vaults (1/5) D:13
 Depths (0/4) D:15        Ossuary (visited)

Altars:
Ashenzari
Cheibriados
Dithmenos
Elyvilon
Hepliaklqana
Kikubaaqudgha
Makhleb
Nemelex Xobeh
Qazlal
Ru
Trog
Wu Jian
Xom
Yredelemnul
Zin
The Shining One
Jiyva

Shops:
D:3 [   D:4 (   D:5 *   D:11 *   Orc:1 :!?!?   Orc:2 (:(!   Elf:3 (   Swamp:2 *
Snake:1 *   Snake:2 ==*   Snake:3 !*?

Portals:
Trove: Elf:1 (give obsidian axe)

Annotations:
Lair:5 exclusion: 3 oklob plants


Innate Abilities, Weirdness & Mutations

You are immune to sickness and miasma.
Your stone body is resilient. (AC +15)
You are immune to poison.
Your large and strong wings let you fly.
You resist negative energy. (rN+)
You are resistant to electric shocks. (rElec)
You are resistant to unholy torment.
You are immune to petrification.
You have a pair of small horns on your head.
You are agile. (Dex +4, Str/Int -1)


Message History

Your headbutt misses the deep elf archer.
The deep elf archer is severely wounded.
You slice the deep elf master archer!!
You kill the deep elf master archer!
Trog accepts your kill.
You barely miss the deep elf death mage.
You completely miss the deep elf blademaster.
The deep elf archer mumbles some strange words.
The deep elf archer blinks!
Your Fighting skill increases to level 21!
You slash the deep elf death mage!
You kill the deep elf death mage!
Trog accepts your kill.
Trog appreciates your killing of a magic user.
You miss the deep elf blademaster.
The deep elf blademaster hits you with a +0 rapier!
* * * LOW HITPOINT WARNING * * *
The deep elf blademaster barely misses you.
You closely miss the deep elf blademaster.
The deep elf blademaster is almost dead.
The deep elf archer casts a spell at you.
You are confused.
Unknown command.
You slash the deep elf blademaster!
You kill the deep elf blademaster!
Trog accepts your kill.
Unknown command.
The deep elf archer shoots an arrow.
The arrow hits you.
* * * LOW HITPOINT WARNING * * *
Things that are here:
a +0 ring mail; a +2 rapier of venom You feel a strong urge to attack something.
The deep elf annihilator gestures at you while chanting.
The bolt of lightning misses you.
You hear a shout! x3
You are no longer berserk.
You are exhausted.
You feel yourself slow down.
The deep elf archer shoots an arrow.
The arrow hits you!
You die...

.)......#........'..........#....
........#........#..........#....
........'........#..........'...[
################.################
#.# ###.### ##.....##
###..)....### #...))@.....#
....... #...........# .......
#...).).....##..[..#
#...e)......##....###..
#....e......##.....#...
#...........##.........
###.......###))........
##.....##.)))........
...###.###...)).......#


You could see a deep elf annihilator (poisoned) and a deep elf archer (repels
missiles, very poisoned).

Vanquished Creatures
  Vashnia (Snake:4)
  Rupert (Lair:4)
  Jorgrun (Snake:3)
  A tentacled monstrosity (Abyss:2)
  Zenata (Elf:2)
  2 deep elf blademasters
  3 deep elf master archers (Elf:3)
  3 tentacled starspawn (Abyss:2)
  2 thorn hunters
  5 nagarajas
  Aizul (Snake:3)
  5 deep elf sorcerers
  5 deep elf elementalists (Elf:3)
  Louise (Snake:2)
  2 ironbound preservers (Vaults:1)
  An ironbound thunderhulk (Vaults:1)
  4 very ugly things (Abyss:2)
  A deep elf annihilator (Elf:3)
  4 eleionomae
  A dire elephant (Lair:3)
  A starcursed mass (Abyss:2)
  A red draconian (Abyss:2)
  10 bunyips
  An ettin (Orc:1)
  3 deep elf death magi (Elf:3)
  2 shambling mangroves
  A green death (Abyss:2)
  2 fire dragons (Lair:5)
  2 deep elf high priests (Elf:3)
  Josephine (D:14)
  A salamander tyrant (Snake:4)
  A ghost crab (Swamp:1)
  22 hydras
  10 alligators
  A catoblepas (Lair:5)
  10 centaur warriors
  An ironbound frostheart (Vaults:1)
  5 boulder beetles
  29 dancing weapons
  11 anacondas
  2 tengu warriors
  Erica (Orc:1)
  4 two-headed ogres
  2 orc high priests (Orc:2)
  15 naga warriors
  A thrashing horror (Abyss:2)
  Urug (Orc:2)
  7 shock serpents
  10 naga sharpshooters
  A sun demon (Abyss:2)
  Sonja (D:10)
  15 deep elf knights
  3 large abominations (Abyss:2)
  4 salamander mystics
  2 skysharks
  A skyshark (shapeshifter) (D:15)
  A wretched star (Abyss:2)
  4 spectral anacondas (Snake:4)
  4 goliath frogs
  3 skeletal warriors (D:13)
  8 swamp dragons
  8 spriggan druids
  3 deep trolls (Vaults:1)
  3 anaconda zombies (Snake:4)
  3 bog bodies (Swamp:2)
  2 wizards (Elf:1)
  6 deep elf archers
  10 naga ritualists
  An ironbound convoker (Vaults:1)
  Pikel (D:4)
  3 lindwurms
  3 anaconda skeletons (Snake:4)
  8 mana vipers
  32 deep elf pyromancers
  25 deep elf zephyrmancers
  A wolf spider (D:15)
  2 wolf spider zombies (D:13)
  9 ugly things
  16 salamanders
  5 orc knights
  5 orc sorcerers
  5 manticores
  5 cyclopes
  2 will-o-the-wisps
  23 elephants
  8 centaur zombies (D:13)
  A guardian serpent (shapeshifter) (D:14)
  16 naga magi
  Maggie (D:10)
  6 guardian serpents
  40 black mambas
  5 torpor snails (Lair:5)
  The ghost of blacky4 the Covert, a novice SpEn (D:5)
  5 cane toads
  3 gargoyles
  A centaur skeleton (Abyss:2)
  4 rime drakes
  2 kobold demonologists (D:10)
  3 komodo dragons
  2 freezing wraiths
  4 yaktaurs (D:15)
  2 tengu conjurers
  5 anaconda simulacra (Snake:4)
  2 meliai (D:10)
  A guardian mummy (Elf:1)
  8 trolls
  3 polar bears
  A wind drake (shapeshifter) (Elf:2)
  Prince Ribbit (D:5)
  5 raiju (Abyss:2)
  10 hornets
  17 blink frogs
  9 tyrant leeches
  10 slime creatures
  11 dream sheep (Lair:3)
  A culicivora (shapeshifter) (Elf:1)
  3 air elementals
  5 shadows
  4 spriggans
  Sigmund (D:2)
  A fire elemental (Elf:3)
  10 wraiths
  7 wyverns
  7 basilisks
  37 yaks
  A hog (shapeshifter) (D:13)
  2 water elementals
  A neqoxec (Abyss:2)
  3 steam dragons
  2 small abominations (Abyss:2)
  12 vampire mosquitoes
  Menkaure (D:4)
  41 nagas
  16 swamp worms
  5 acid dragons
  Duvessa (D:6)
  14 water moccasins
  12 swamp drakes
  An ice beast (D:6)
  21 orc warriors
  4 black bears
  4 ogres
  A tengu (shapeshifter) (Elf:2)
  5 wolves (Lair:3)
  A boggart (Elf:1)
  14 centaurs
  3 phantoms
  3 kobold brigands
  Blork the orc (D:5)
  10 bullfrogs
  2 earth elementals (Elf:2)
  3 gnoll sergeants
  A scorpion (D:4)
  A wight (D:10)
  Dowan (D:6)
  7 killer bees
  6 electric eels
  11 howler monkeys
  A quasit (Abyss:2)
  2 hounds
  6 jellies
  A gnoll bouda (D:3)
  15 orc priests
  3 bullfrog skeletons (D:5)
  A sleepcap (D:6)
  Ijyb (D:4)
  13 iguanas
  23 orc wizards
  7 hell rats (Lair:4)
  A mummy (Ossuary)
  Robin (D:2)
  17 gnolls
  7 adders
  A shadow imp (D:5)
  A white imp (Abyss:2)
  3 ufetubi
  5 worms
  4 dart slugs
  58 orcs
  A spectral bat (Ossuary)
  2 bats (D:1)
  8 endoplasms
  4 giant cockroaches (D:1)
  19 goblins
  7 hobgoblins
  A jackal (D:3)
  7 quokkas
  7 ball pythons
  2 frilled lizards
  12 gnoll zombies (Ossuary)
  6 goblin simulacra (Ossuary)
  4 goblin zombies (Ossuary)
  2 hobgoblin zombies (Ossuary)
  17 kobolds
  5 kobold zombies (Ossuary)
  7 orc zombies (Ossuary)
  8 rats
  5 rat simulacra (Ossuary)
  4 spectral kobolds (Ossuary)
  4 spectral rats (Ossuary)
  A butterfly (Swamp:1)
  A spectral weapon (Swamp:4)
  2 starspawn tentacles (Abyss:2)
1212 creatures vanquished.

Vanquished Creatures (collateral kills)
  A nagaraja (Snake:4)
  A dire elephant (D:15)
  An ettin (Orc:2)
  A hydra (D:15)
  2 anacondas (Snake:4)
  An alligator (Swamp:1)
  An orc high priest (Orc:2)
  A naga sharpshooter (Snake:4)
  A shock serpent (Snake:3)
  A skeletal warrior (D:10)
  A goliath frog (Swamp:1)
  A salamander mystic (Snake:4)
  2 orc knights (Orc:2)
  A mana viper (Snake:3)
  An orc sorcerer (Orc:2)
  A salamander (Snake:3)
  A guardian serpent (Snake:4)
  A black mamba (Snake:4)
  5 naga magi
  2 tyrant leeches (Lair:5)
  2 vampire mosquitoes (Swamp:1)
  2 nagas (Snake:4)
  3 orc warriors
  2 orc priests (Orc:2)
  4 orc wizards (Orc:2)
  An orc (D:10)
41 creatures vanquished.

Vanquished Creatures (others)
  An alligator (Swamp:4)
  A salamander tyrant (Snake:4)
  A dancing weapon (Elf:3)
  2 deep elf knights
  A spectral anaconda (Snake:4)
  A swamp dragon (Swamp:4)
  A deep elf pyromancer (Elf:1)
  A deep elf zephyrmancer (Elf:1)
  A tengu conjurer (D:15)
  A spriggan (Swamp:4)
  A naga (Snake:4)
  A centaur (D:13)
  6 foxfires (Swamp:2)
  2 spectral weapons (D:10)
  4 starspawn tentacles (Abyss:2)
25 creatures vanquished.

Grand Total: 1278 creatures vanquished

Notes
Turn   | Place    | Note
-------+----------+-------------------------------------------
     0 | D:1      | Gargoyl the Gargoyle Berserker began the quest for the Orb.
     0 | D:1      | Reached XP level 1. HP: 14/14 MP: 1/1
   118 | D:1      | Reached XP level 2. HP: 16/19 MP: 2/2
   330 | D:1      | Reached XP level 3. HP: 24/24 MP: 3/3
   457 | D:1      | Reached ** piety under Trog
   619 | D:2      | Noticed Sigmund
   635 | D:2      | Killed Sigmund
   636 | D:2      | Reached skill level 4 in Fighting
   636 | D:2      | Reached XP level 4. HP: 29/29 MP: 4/4
   636 | D:2      | Reached XP level 5. HP: 33/33 MP: 5/5
   711 | D:2      | Noticed Robin
   724 | D:2      | Killed Robin
   726 | D:2      | Reached XP level 6. HP: 38/38 MP: 6/6
   848 | D:2      | Reached skill level 1 in Stealth
  1453 | D:3      | Reached skill level 5 in Axes
  1720 | D:3      | Found Udumn's Armour Shop.
  2070 | D:4      | Found Makiweos's Antique Weapon Boutique.
  2228 | D:4      | Reached XP level 7. HP: 44/44 MP: 7/7
  2236 | D:4      | Found a shadowy altar of Dithmenos.
  2302 | D:4      | Noticed Menkaure
  2313 | D:4      | Killed Menkaure
  2313 | D:4      | Reached *** piety under Trog
  2498 | D:4      | Noticed Ijyb
  2498 | D:4      | Noticed Pikel
  2517 | D:4      | Killed Pikel
  2518 | D:4      | Reached skill level 5 in Fighting
  2518 | D:4      | Reached XP level 8. HP: 49/49 MP: 8/8
  2527 | D:4      | Killed Ijyb
  3138 | D:5      | Entered Level 5 of the Dungeon
  3238 | D:5      | Noticed Prince Ribbit
  3249 | D:5      | Killed Prince Ribbit
  3391 | D:5      | Found a bloodstained altar of Trog.
  3404 | D:5      | Reached skill level 5 in Armour
  3404 | D:5      | Reached XP level 9. HP: 43/54 MP: 9/9
  3531 | D:5      | Found a sacrificial altar of Ru.
  3734 | D:5      | Found a runed translucent gate.
  3734 | D:5      | Found a runed translucent gate.
  3734 | D:5      | Found a runed translucent gate.
  3735 | D:5      | Noticed blacky4's ghost (novice SpEn)
  3826 | D:5      | Found Feuhic's Assorted Antiques.
  3834 | D:5      | Bought a scroll of enchant armour for 150 gold pieces
  4033 | D:5      | Noticed Blork the orc
  4051 | D:5      | Killed Blork the orc
  4510 | D:5      | Killed blacky4's ghost
  4560 | D:6      | Found a staircase to the Ecumenical Temple.
  4585 | D:6      | Reached skill level 6 in Fighting
  4733 | D:6      | Found a stormy altar of Qazlal.
  4843 | D:6      | Noticed Duvessa
  4843 | D:6      | Noticed Dowan
  4851 | D:6      | Killed Duvessa
  4853 | D:6      | Killed Dowan
  4873 | D:6      | Found a snail-covered altar of Cheibriados.
  5198 | D:6      | Identified the +4 pair of gloves "Ejic" {-Cast rPois SInv}
  5284 | D:7      | Reached XP level 10. HP: 46/61 MP: 10/10
  6151 | D:8      | Noticed a two-headed ogre
  6158 | D:8      | Killed a two-headed ogre
  6159 | D:8      | Reached skill level 10 in Axes
  6213 | D:8      | Reached skill level 7 in Fighting
  6272 | D:8      | Found a sand-covered staircase.
  6277 | Ossuary  | Entered an ossuary
  6327 | Ossuary  | Reached **** piety under Trog
  6580 | Ossuary  | Reached ***** piety under Trog
  6897 | D:8      | Found Boul's Book Shoppe.
  7074 | D:8      | Found an ornate altar of the Wu Jian Council.
  7958 | D:9      | Found a glowing golden altar of the Shining One.
  7958 | D:9      | Found a hazy altar of Hepliaklqana.
  7959 | D:9      | Found a sparkling altar of Nemelex Xobeh.
  7974 | D:9      | Found a basalt altar of Yredelemnul.
  8543 | D:10     | Entered Level 10 of the Dungeon
  8578 | D:10     | Found a white marble altar of Elyvilon.
  8651 | D:10     | Noticed Sonja
  8665 | D:10     | Killed Sonja
  8666 | D:10     | Reached XP level 11. HP: 50/68 MP: 11/11
  8845 | D:10     | Reached skill level 8 in Fighting
  8951 | D:10     | Noticed a cyclops
  8968 | D:10     | Killed a cyclops
  9001 | D:10     | Noticed a centaur warrior
  9013 | D:10     | Killed a centaur warrior
  9014 | D:10     | Reached skill level 5 in Dodging
  9033 | D:10     | Noticed a centaur warrior
  9044 | D:10     | Killed a centaur warrior
  9058 | D:10     | Noticed an orc knight
  9064 | D:10     | Killed an orc knight
  9077 | D:10     | Reached skill level 1 in Shields
  9077 | D:10     | Noticed a skeletal warrior
  9081 | D:10     | Killed a skeletal warrior
  9081 | D:10     | Received a gift from Trog
  9156 | D:10     | Noticed a cyclops
  9162 | D:10     | Noticed a cyclops
  9173 | D:10     | Reached skill level 9 in Fighting
  9179 | D:10     | Killed a cyclops
  9180 | D:10     | Reached XP level 12. HP: 57/76 MP: 12/12
  9483 | D:10     | Found a shimmering altar of Xom.
  9486 | D:10     | Found a staircase to the Lair.
  9492 | D:10     | Found a shimmering altar of Xom.
  9492 | D:10     | Found a shimmering altar of Xom.
  9493 | D:10     | Found a shimmering altar of Xom.
  9493 | D:10     | Found a shimmering altar of Xom.
  9493 | D:10     | Found a shimmering altar of Xom.
  9493 | D:10     | Found a shimmering altar of Xom.
  9493 | D:10     | Found a shimmering altar of Xom.
  9513 | D:10     | Found a glowing silver altar of Zin.
  9567 | D:10     | Noticed Maggie
  9580 | D:10     | Killed Maggie
  9581 | D:10     | Reached skill level 10 in Armour
  9791 | D:10     | Found a broken altar of Ashenzari.
  9861 | D:10     | Noticed a boulder beetle
  9862 | D:10     | Noticed a soul eater
  9906 | D:10     | Killed a boulder beetle
  9976 | D:10     | Reached skill level 10 in Fighting
  9996 | D:10     | Found an ancient bone altar of Kikubaaqudgha.
 10238 | Lair:1   | Entered Level 1 of the Lair of Beasts
 10715 | Lair:1   | Reached XP level 13. HP: 72/84 MP: 13/13
 10891 | Lair:1   | Reached skill level 11 in Fighting
 11287 | Lair:2   | Found a staircase to the Snake Pit.
 11413 | Lair:2   | Identified the +5 scale mail of the Catamount {Str+5 Int-3}
 11595 | Lair:2   | Received a gift from Trog
 11627 | Lair:2   | Found a staircase to the Swamp.
 11636 | Lair:2   | Noticed an eleionoma
 11645 | Lair:2   | Killed an eleionoma
 12143 | Lair:3   | Noticed a dire elephant
 12163 | Lair:3   | Killed a dire elephant
 12164 | Lair:3   | Reached skill level 15 in Axes
 12355 | Lair:3   | Identified the ring "Tics" {rPois rF++ Str+6 Int+2 Stlth-}
 12574 | Lair:3   | Reached skill level 12 in Fighting
 13021 | Lair:4   | Gained mutation: Your large and strong wings let you fly.
                  | [Gargoyle growth]
 13021 | Lair:4   | Reached XP level 14. HP: 91/92 MP: 14/14
 13103 | Lair:4   | Noticed Rupert
 13133 | Lair:4   | Killed Rupert
 13849 | Lair:5   | Entered Level 5 of the Lair of Beasts
 14052 | Lair:5   | Reached skill level 13 in Fighting
 14218 | Lair:5   | Found a staircase to the Slime Pits.
 14219 | Lair:5   | Found a viscous altar of Jiyva.
 14455 | Lair:5   | Found a burning altar of Makhleb.
 15283 | Lair:5   | Reached skill level 5 in Stealth
 15565 | Lair:5   | Found a runed translucent door.
 16549 | D:11     | Found a staircase to the Orcish Mines.
 16889 | D:11     | Found Ciosezar's Assorted Antiques.
 17125 | D:12     | Found a viscous altar of Jiyva.
 17485 | D:12     | Reached XP level 15. HP: 60/100 MP: 15/15
 18066 | D:13     | Found a gate to the Vaults.
 18143 | D:13     | Reached skill level 14 in Fighting
 18496 | D:13     | Reached skill level 1 in Throwing
 19656 | D:14     | Found a shadowy altar of Dithmenos.
 19721 | D:14     | Noticed Josephine
 19737 | D:14     | Killed Josephine
 20416 | D:15     | Entered Level 15 of the Dungeon
 20458 | D:15     | Reached skill level 15 in Fighting
 20792 | D:15     | Identified the +10 hand axe "Plog" {venom, rF++}
 20978 | D:15     | Received a gift from Trog
 21039 | D:15     | Gained mutation: You occasionally lose the ability to drink
                  | potions when taking damage. [potion of mutation]
 21040 | D:15     | Lost mutation: You occasionally lose the ability to drink
                  | potions when taking damage. [potion of mutation]
 21040 | D:15     | Gained mutation: You have a pair of small horns on your
                  | head. [potion of mutation]
 21040 | D:15     | Gained mutation: You are agile. (Dex +4, Str/Int -1)
                  | [potion of mutation]
 21075 | D:15     | Found a staircase to the Depths.
 21708 | Orc:1    | Entered Level 1 of the Orcish Mines
 21806 | Orc:1    | Found Ovohil's Distillery.
 21808 | Orc:1    | Found Xehad's Distillery.
 21814 | Orc:1    | Bought a potion of heal wounds for 55 gold pieces
 21814 | Orc:1    | Bought a potion of heal wounds for 55 gold pieces
 21814 | Orc:1    | Bought a potion of mutation for 88 gold pieces
 21814 | Orc:1    | Bought 3 potions of ambrosia for 264 gold pieces
 21814 | Orc:1    | Bought a potion of mutation for 88 gold pieces
 21824 | Orc:1    | Found Faastusch's Magic Scroll Boutique.
 21827 | Orc:1    | Bought a potion of mutation for 136 gold pieces
 21827 | Orc:1    | Bought a potion of ambrosia for 136 gold pieces
 21882 | Orc:1    | Bought a scroll of enchant weapon for 135 gold pieces
 21882 | Orc:1    | Bought a scroll of brand weapon for 171 gold pieces
 21896 | Orc:1    | Found Domiustre's Book Boutique.
 21919 | Orc:1    | Noticed Erica
 21927 | Orc:1    | Killed Erica
 21928 | Orc:1    | Reached XP level 16. HP: 108/108 MP: 16/16
 22098 | Orc:2    | Entered Level 2 of the Orcish Mines
 22111 | Orc:2    | Noticed Urug
 22127 | Orc:2    | Killed Urug
 22301 | Orc:2    | Found a staircase to the Elven Halls.
 22386 | Orc:2    | Found a flickering gateway to a bazaar.
 22586 | Orc:2    | Found Ahitiaxt's Weapon Shop.
 22637 | Orc:2    | Found Qaattun's Distillery.
 22701 | Orc:2    | Found Cokotzi's Antique Weapon Emporium.
 22708 | Orc:2    | Bought a glowing hand axe for 162 gold pieces
 22711 | Orc:2    | Found Otsevaug's Book Shop.
 22717 | Orc:2    | Bought a potion of heal wounds for 65 gold pieces
 22717 | Orc:2    | Bought a potion of curing for 39 gold pieces
 22717 | Orc:2    | Bought a potion of might for 52 gold pieces
 22840 | Orc:1    | Found Axzucrot's Magic Scroll Shoppe.
 23101 | Orc:1    | Bought a scroll of teleportation for 36 gold pieces
 23101 | Orc:1    | Bought a scroll of teleportation for 36 gold pieces
 23101 | Orc:1    | Bought a scroll of fear for 48 gold pieces
 23402 | Snake:1  | Entered Level 1 of the Snake Pit
 23425 | Snake:1  | Reached skill level 16 in Fighting
 23707 | Snake:1  | Found Iwahig's General Store.
 23742 | Snake:1  | Bought 2 potions of heal wounds for 190 gold pieces
 24080 | Snake:1  | Received a gift from Trog
 24188 | Snake:1  | Found an ornate altar of the Wu Jian Council.
 24511 | Snake:2  | Found Ceeres's Jewellery Boutique.
 24515 | Snake:2  | Identified the +7 sling "Deh Beng" {freeze, Fly rElec rF+++
                  | Str-4}
 24519 | Snake:2  | Bought an amulet of reflection for 450 gold pieces
 24535 | Snake:2  | Found Fivusufa's Assorted Antiques.
 24535 | Snake:2  | Found Demniku's Jewellery Boutique.
 24544 | Snake:2  | Bought a scroll of teleportation for 99 gold pieces
 24628 | Snake:2  | Noticed a nagaraja
 24652 | Snake:2  | Killed a nagaraja
 25118 | Snake:2  | Noticed Louise
 25142 | Snake:2  | Killed Louise
 25268 | Snake:3  | Noticed Jorgrun
 25278 | Snake:3  | Killed Jorgrun
 25296 | Snake:3  | Reached XP level 17. HP: 109/116 MP: 11/17
 25430 | Snake:3  | Reached skill level 17 in Fighting
 25493 | Snake:3  | Found Yroihok's Distillery.
 25676 | Snake:3  | Bought a potion of curing for 57 gold pieces
 25676 | Snake:3  | Bought a potion of curing for 57 gold pieces
 25676 | Snake:3  | Bought a potion of curing for 57 gold pieces
 25790 | Snake:3  | Found Ompoczuf's Magic Scroll Shoppe.
 26152 | Snake:3  | Found Vouschuri's General Store.
 26615 | Snake:4  | Entered Level 4 of the Snake Pit
 26657 | Snake:4  | Identified the +7 glaive "Starlight" {heavy, +Blink Dex+3}
                  | (Trog gifted it to you on level 4 of the Snake Pit)
 26657 | Snake:4  | Received a gift from Trog
 26662 | Snake:4  | Reached skill level 5 in Shields
 26943 | Snake:4  | Reached skill level 10 in Dodging
 27017 | Snake:4  | Noticed Vashnia
 27023 | Snake:4  | Reached skill level 18 in Fighting
 27291 | Snake:4  | Noticed Aizul
 27316 | Snake:4  | Reached XP level 18. HP: 70/125 MP: 18/18
 27529 | Snake:3  | Killed Aizul
 28171 | Snake:4  | Killed Vashnia
 28945 | Snake:4  | Got a serpentine rune of Zot
 29196 | Vaults:1 | Entered Level 1 of the Vaults
 29415 | Swamp:1  | Entered Level 1 of the Swamp
 29717 | Swamp:1  | HP: 4/189 [acid (9)]
 30577 | Swamp:2  | You are sucked into a shaft and drop 1 floor!
 30587 | Swamp:3  | Reached skill level 19 in Fighting
 30960 | Swamp:2  | Reached skill level 15 in Armour
 31328 | Swamp:2  | Found Qeschiocu's Island Escapes.
 31336 | Swamp:2  | Bought a scroll of blinking for 120 gold pieces
 31336 | Swamp:2  | Bought a scroll of teleportation for 48 gold pieces
 31772 | Swamp:3  | Identified the ring of Kauwuuta {rN+ Will+}
 31938 | Swamp:4  | Entered Level 4 of the Swamp
 31960 | Swamp:4  | Reached XP level 19. HP: 58/133 MP: 19/19
 32517 | Swamp:4  | Identified the +2 robe "Howaisuk" {Dex+3}
 33236 | Swamp:4  | Got a decaying rune of Zot
 33614 | Elf:1    | Entered Level 1 of the Elven Halls
 33634 | Elf:1    | Received a gift from Trog
 33734 | Elf:1    | Paralysed by an air elemental for 1 turns
 33861 | Elf:1    | You are sucked into a shaft and drop 1 floor!
 34037 | Elf:2    | Found a huge runed translucent gate.
 34038 | Elf:2    | Found a huge runed translucent gate.
 34040 | Elf:2    | Found a huge runed translucent gate.
 34041 | Elf:2    | Found a huge runed translucent gate.
 34042 | Elf:2    | Found a huge runed translucent gate.
 34571 | Elf:2    | Identified the +5 war axe of Fiseets {heavy, rC+ Will+
                  | Dex+2} (Trog gifted it to you on level 2 of the Elven
                  | Halls)
 34571 | Elf:2    | Received a gift from Trog
 34586 | Elf:2    | Noticed Zenata
 34621 | Elf:2    | Killed Zenata
 34622 | Elf:2    | Reached skill level 20 in Fighting
 35084 | Abyss:2  | Cast into level 2 of the Abyss (a wizard)
 35213 | Abyss:2  | Reached XP level 20. HP: 140/140 MP: 20/20
 35552 | Elf:1    | Escaped the Abyss
 36418 | Elf:1    | Found a portal to a secret trove of treasure.
 37116 | Elf:3    | Entered Level 3 of the Elven Halls
 37128 | Elf:3    | Paralysed by an air elemental for 1 turns
 37162 | Elf:3    | Found Puott's Weapon Boutique.
 37274 | Elf:3    | Reached ****** piety under Trog
 38056 | Elf:3    | Received a gift from Trog
 38060 | Elf:3    | Identified the ring "Caruxi" {Drain rPois rN+ rCorr Dex+5}
 38328 | Elf:3    | Reached skill level 21 in Fighting
 38328 | Elf:3    | HP: 10/210 [deep elf blademaster/+0 rapier (7)]
 38333 | Elf:3    | Shot with an arrow by a deep elf archer

Illustrated notes

Levels and vault maps discovered:
D:1:      eino_arrival_water_cross, layout_rooms, nicolae_the_louvre
D:2:      layout_rooms, uniq_sigmund, uniq_robin
D:3:      layout_loops_ring, serial_shops, shop, dreamdust_mushroom_princess,
          minmay_vboxes
D:4:      minmay_chambers_of_twos, layout_loops_ring,
          lemuel_coloured_pillars_altar, serial_shops, shop_statue,
          kennysheep_donut, hangedman_abyss_or_decor_lesser_grid, uniq_ijyb,
          uniq_menkaure, uniq_pikel
D:5:      kennysheep_spiral_hall, layout_cave_pods, trog_ov_bears_minmay,
          nicolae_ru_the_path_less_chosen, gammafunk_ghost_necromancy,
          serial_shops, shop, corexii_shack, uniq_blork_the_orc,
          uniq_prince_ribbit1
D:6:      layout_gridville, cheibrodos_worm_habitat,
          nicolae_qazlal_scattered_showers, minmay_temple_entry_mist,
          lightli_corner_chamber, uniq_duvessa
D:7:      layout_cave_pods
D:8:      layout_loops_ring, mainiacjoe_overflow_six_doors_small, serial_shops,
          nicolae_shop_pleasant_corner_grove, nicolae_ossuary_entry_ruins
D:9:      layout_layer_cave, lemuel_crystal_altar,
          chequers_temple_overflow_statue_of_worship
D:10:     minmay_the_grid_4x2 [minmay_the_grid_armoury, minmay_the_grid_garden,
          minmay_the_grid_minigrid_small, minmay_the_grid_spin_star,
          minmay_the_grid_paths, minmay_the_grid_spikes, minmay_the_grid_rooms,
          minmay_the_grid_prize_inner_circle], layout_basic,
          mainiacjoe_overflow_cross_hatched, xom_shifter_show,
          general_overflow_altar, lemuel_doored_altar, lair_entry_dummy,
          enter_bailey_2, minmay_ruined_shrine, uniq_sonja, uniq_maggie
D:11:     layout_roguey, david_orc_2, serial_shops, shop
D:12:     layout_stronghold, jiyva_altar_1
D:13:     layout_roguey, serial_undead, serial_undead_b, serial_undead_e,
          serial_undead_b, serial_undead_d, serial_undead_e, serial_undead_b
D:14:     layout_basic, nicolae_dithmenos_the_darkroom, uniq_josephine
D:15:     hangedman_depths_entry_try_elsewhere_first, layout_rooms,
          dk_noncrumbling_3, hangedman_abyss_or_decor_stabs
Lair:1:   layout_long_grid
Lair:2:   layout_chaotic_city, alex1729_swamp_entry_worm_eleionoma,
          dummy_snake_entry, serial_bayou_lagoon_b
Lair:3:   layout_misc_corridors, nicolae_lair_grazing_beasts
          [nicolae_sub_lair_graze_edge, nicolae_sub_lair_graze_edge,
          nicolae_sub_lair_graze_edge, nicolae_sub_lair_graze_edge],
          grunt_megastairs_5, serial_bayou_shore_a, lemuel_fruit_tree
Lair:4:   layout_long_grid, nicolae_volcano_entry_hallway, uniq_rupert
Lair:5:   guppyfry_lair_end_dragon, layout_hall_layers, wormcave,
          minmay_slime_entry_oklob_open, basic_altar
Swamp:1:  layout_basic_swamp, evilmike_swamp_ruin_rubble_1,
          nicolae_swamp_frolicking_bunyips
Swamp:2:  layout_basic_swamp, evilmike_swamp_ruin_house_5, swamp_pool2,
          nicolae_island_escapes
Swamp:3:  layout_basic_swamp, hangedman_swamp_blocks
Swamp:4:  swamp, layout_basic_swamp
Snake:1:  layout_gridlike, serial_shops, shop, basic_altar, drop_trap
Snake:2:  layout_misc_corridors, minmay_shop_enchanted_jewellery,
          minmay_shoptagon, uniq_louise
Snake:3:  layout_gridlike, serial_shops, shop, nicolae_shop_window_shopping,
          shop, st_stairs_2, uniq_jorgrun
Snake:4:  grunt_snake_rune_serpentine_throne, layout_rooms,
          nicolae_snake_dead_anacondas, uniq_aizul
Orc:1:    layout_diamond_mine, serial_shops, shop, shop, nicolae_shop_crystal,
          shop, shop, uniq_erica
Orc:2:    st_orc_elflike, layout_diamond_mine, serial_shops, bzr_entry_safe,
          uniq_urug
Elf:1:    elf_arrival_002, layout_loops_cross, nicolae_trove_entry_path_of_doom,
          hangedman_elf_disciples
Elf:2:    elven_hall_of_blades_hangedman_alternative
          [nicolae_blade_entry_diamond_columns], layout_gridlike, uniq_zenata
Elf:3:    minmay_elf_hall_hex, layout_geoelf_castle, serial_shops,
          nicolae_shop_tiny_real_fake_doors, st_stairs_9
Vaults:1: gammafunk_ghost_cemetery, v_misc_4, v_rooms_4, vaults_dpeg_hooks,
          nicolae_vaults_mitosis, hangedman_vaults_stretched_pinwheel,
          vaults_standard_mumra_x, hangedman_vaults_nails,
          vaults_room_semicircle, hangedman_vaults_restitches,
          nicolae_vaults_oozy_zoo, vaults_room_semicircle,
          nicolae_vaults_trapezoid_lopsided_3, vaults_room_door_ring,
          nicolae_vaults_layer_cake_slice, nicolae_vaults_tetromino_T_2,
          nicolae_vaults_offset_grid_hallway_3, layout_vaults_ring,
          serial_shops, shop

Skill      XL: |  1  2  3  4  5  6  7  8  9 10 11 12 13 14 15 16 17 18 19 20 |
---------------+-------------------------------------------------------------+-----
Axes           | 3 4 5 7 8 9 11 12 14 15 16 17 18 19 20 | 20.9
Dodging        | 2 3 4 5 7 8 9 10 11 12 | 12.3
Fighting       | 4 5 6 7 9 10 12 13 15 16 18 19 20 21 | 21.0
Stealth        | 1 2 3 4 5 |  5.7
Armour         | 3 4 5 6 7 9 10 11 12 13 14 15 | 15.9
Shields        | 1 2 5 7 8 9 |  9.5
Throwing       | 1 |  1.8
Polearms       | |  0.8

Action                     |  1- 3 |  4- 6 |  7- 9 | 10-12 | 13-15 | 16-18 | 19-21 || total
---------------------------+-------+-------+-------+-------+-------+-------+-------++-------
  Melee: Hand axe          |   105 |   182 |   390 |    41 |  1093 |  1291 |   649 ||  3751
         Punch             |       |     1 |     3 |     9 |    14 |    28 |    13 ||    68
         War axe           |       |       |     7 |   556 |   190 |       |       ||   753
         Battleaxe         |       |       |       |       |    60 |    17 |   134 ||   211
         Headbutt          |       |       |       |       |    21 |   373 |   219 ||   613
         Broad axe         |       |       |       |       |    13 |     2 |       ||    15
         Spear             |       |       |       |       |    13 |       |       ||    13
  Throw: Dart              |       |       |     3 |       |    12 |     1 |       ||    16
 Invoke: Berserk           |     3 |     2 |    10 |     4 |    10 |    15 |     6 ||    50
         Trog's Hand       |     1 |       |     5 |     5 |    10 |    17 |     9 ||    47
         Brothers in Arms  |       |       |       |     3 |     2 |    12 |     1 ||    18
    Use: Scroll            |     4 |     4 |     7 |    11 |     9 |     7 |     6 ||    48
         Potion            |       |       |       |       |     4 |     9 |     6 ||    19
   Stab: Sleeping          |     1 |       |       |       |       |       |       ||     1
         Distracted        |       |       |       |     7 |     4 |     2 |       ||    13
         Confused          |       |       |       |       |       |     1 |     2 ||     3
 Armour: Animal skin       |    62 |       |       |       |       |       |       ||    62
         Scale mail        |     2 |    88 |   213 |       |   617 |   682 |   416 ||  2018
         Plate armour      |       |       |    26 |   428 |    16 |       |       ||   470
  Dodge: Dodged            |    74 |   101 |   268 |   352 |  1239 |  1417 |   682 ||  4133
  Block: Buckler           |       |       |       |    17 |       |       |       ||    17
         Other             |       |       |       |       |       |   218 |   143 ||   361
         Reflection        |       |       |       |       |       |    17 |    13 ||    30

Table legend: (Time is in decaauts)
 A = Elapsed time spent in this place.
 B = Non-inter-level travel time spent in this place.
 C = Inter-level travel time spent in this place.
 D = Time resting spent in this place.
 E = Time spent auto-exploring this place.
 F = Levels seen in this place.
 G = Mean time per level.
                   A        B        C        D        E       F      G
               +--------+--------+--------+--------+--------+-----+--------+
         Total |  37548 |  35520 |   2028 |   3784 |  23172 |  36 | 1043.0 |
       Dungeon |  15504 |  14640 |    864 |    500 |  10675 |  15 | 1033.6 |
          Lair |   6195 |   5583 |    612 |    817 |   3456 |   5 | 1239.0 |
         Swamp |   3833 |   3757 |     76 |    713 |   2137 |   4 |  958.2 |
     Snake Pit |   5531 |   5254 |    277 |    924 |   3037 |   4 | 1382.8 |
  Orcish Mines |   1581 |   1476 |    105 |    219 |    928 |   2 |  790.5 |
   Elven Halls |   4094 |   4003 |     91 |    611 |   2581 |   3 | 1364.7 |
        Vaults |     22 |     22 |      0 |      0 |      0 |   1 |   22.0 |
         Abyss |    401 |    401 |      0 |      0 |    213 |   1 |  401.0 |
       Ossuary |    384 |    384 |      0 |      0 |    142 |   1 |  384.0 |
               +--------+--------+--------+--------+--------+-----+--------+

Top non-repeatable levels by time:
  Lair:5: 2177 daAuts
    D:10: 1864 daAuts
 Snake:3: 1853 daAuts
   Elf:2: 1807 daAuts
 Snake:4: 1758 daAuts
     D:5: 1443 daAuts
 Swamp:3: 1329 daAuts
   Elf:1: 1287 daAuts
    D:14: 1267 daAuts
     D:9: 1234 daAuts
    D:13: 1211 daAuts
     D:4: 1189 daAuts
 Snake:1: 1183 daAuts
    D:12: 1141 daAuts
  Lair:4: 1104 daAuts
